 Seeded DCSS version 0.29-a0-451-gfbfa42419e (webtiles) character file.

Game seed: 8175142202198057041 (custom seed)

1572 bwicke the Ruffian (level 8, -15/84 HPs)
             Began as an Ogre Transmuter on May 19, 2022.
             Was an Initiate of Okawaru.
             Demolished by an orc warrior
             ... wielding a +0 battleaxe
              (16 damage)
             ... on level 7 of the Dungeon.
             The game lasted 00:25:31 (8233 turns).

bwicke the Ruffian (Ogre Transmuter)                Turns: 8233, Time: 00:25:32

Health: -15/84     AC:  4    Str: 15 (17) XL:     8   Next: 90%
Magic:  11/11      EV:  9    Int: 13 (14) God:    Okawaru [......]
Gold:   451        SH:  0    Dex:  9 (12) Spells: 8/11 levels left

rFire   + . .      SeeInvis .     - Unarmed
rCold   x . .      Faith    .   (no shield)
rNeg    . . .      Spirit   .   a - +1 robe
rPois   .          Reflect  .   (helmet currently unavailable)
rElec   .          Harm     .   (no cloak)
rCorr   .          Rampage  .   (gloves unavailable)
Will    +....                   (boots unavailable)
Stlth   +.........              (no amulet)
HPRegen 0.00/turn               t - ring of the Skies Above {Fire Dex+3}
MPRegen 0.12/turn               h - ring of willpower

@: appendages, wereblooded (expiring), inhibited regen, hasted, very quick
A: horns 2, talons 2, large, unfitting armour, tough skin 1, inhibited
regeneration
a: End Transformation, Renounce Religion


You were on level 7 of the Dungeon.
You worshipped Okawaru.
Okawaru was noncommittal.
You had temporarily grown beastly horns and talons.
You visited 2 branches of the dungeon, and saw 8 of its levels.

You collected 451 gold pieces.

Inventory:

Hand Weapons
 c - a +0 dagger
 f - a +0 vorpal mace
 g - a +3 dagger of venom
 p - a +0 spear
 r - a +0 rapier
 v - a +0 war axe of flaming
 x - a +0 giant club
 D - a +0 hunting sling of flaming
 E - a +0 quarterstaff
Missiles
 k - 20 poisoned darts
 w - 147 stones
Armour
 a - a +1 robe (worn)
Magical Staves
 l - a staff of poison
Jewellery
 e - a ring of resist corrosion
 h - a ring of willpower (right hand)
 t - the ring of the Skies Above (left hand) {Fire Dex+3}
   (You found it on level 3 of the Dungeon)

   [ring of fire]

   It enhances your fire magic.
   Dex:       It affects your dexterity (+3).
   rF:        It protects you from fire.
   rC:        It makes you vulnerable to cold.
Scrolls
 m - 3 scrolls of poison
 o - 3 scrolls of immolation
 q - 2 scrolls of vulnerability
 u - 2 scrolls of teleportation
 y - a scroll of identify
 B - a scroll of magic mapping
 C - a scroll of enchant weapon
Potions
 b - a potion of lignification
 d - a potion of haste
 i - 4 potions of curing
 j - a potion of might
 n - a potion of brilliance
 z - a potion of magic {unknown}
 F - a potion of flight {unknown}


   Skills:
 - Level 6.5 Fighting
 - Level 1.7 Dodging
 - Level 6.7 Unarmed Combat
 - Level 2.4 Spellcasting
 - Level 6.4 Transmutations
 + Level 0.9 Poison Magic


You had 8 spell levels left.
You knew the following spells:

 Your Spells              Type           Power      Damage    Failure   Level
a - Beastly Appendage     Tmut           36%        N/A       1%          1
b - Wereblood             Tmut           18%        N/A       2%          2

Your spell library contained the following spells:

 Spells                   Type           Power      Damage    Failure   Level
 Spider Form              Tmut/Pois      11%        N/A       16%         3
 Necrotize                Necr           4%         1d4       24%         1
 Scorch                   Fire           4%         2d5       36%         2
 Blade Hands              Tmut           9%         N/A       43%         5
 Ice Form                 Ice/Tmut       9%         N/A       54%         4
 Portal Projectile        Hex/Tloc       2%         N/A       58%         3
 Vampiric Draining        Necr           1%         2d6       58%         3
 Flame Wave               Conj/Fire      2%         2d4       94%         4
 Agony                    Necr           1%         N/A       100%        5
 Summon Small Mammal      Summ           Unusable   N/A       N/A         1
 Call Canine Familiar     Summ           Unusable   N/A       N/A         3
 Summon Guardian Golem    Hex/Summ       Unusable   N/A       N/A         3
 Tukima's Dance           Hex            Unusable   N/A       N/A         3
 Summon Cactus Giant      Summ           Unusable   N/A       N/A         6

Dungeon Overview and Level Annotations

Branches:
Dungeon (7/15)             Temple (1/1) D:6

Altars:
Ashenzari
Cheibriados
Dithmenos
Elyvilon
Fedhas
Gozag
Hepliaklqana
Kikubaaqudgha
Makhleb
Okawaru
Qazlal
Ru
Sif Muna
Trog
Uskayaw
Vehumet
Wu Jian
Xom
Yredelemnul
Zin
The Shining One

Shops:
D:1 *


Innate Abilities, Weirdness & Mutations

You have temporarily grown beastly horns and talons.
You are too large for most types of armour.
You have tough skin. (AC +1)
You do not regenerate when monsters are visible.


Message History

You are poisoned.
The orc warrior hits you with a +0 battleaxe!
The orc closely misses you.
An orc comes into view. It is wielding a +0 club.
You punch the orc warrior! Your headbutt misses the orc warrior.
The orc warrior is moderately wounded.
You feel very sick.
The orc hits you with a +2 war axe of venom!
* * * LOW HITPOINT WARNING * * *
You are more poisoned.
The orc hits you but does no damage.
You feel yourself speed up.
Your primal bloodlust is almost over.
* * * LOW HITPOINT WARNING * * *
You feel very sick.
The orc hits you with a +2 war axe of venom.
* * * LOW HITPOINT WARNING * * *
You are more poisoned.
The orc warrior hits you with a +0 battleaxe!
* * * LOW HITPOINT WARNING * * *
The orc misses you.
A scorpion comes into view.
You feel better. The orc hits you with a +0 mace.
* * * LOW HITPOINT WARNING * * *
The orc hits you with a +2 war axe of venom!
* * * LOW HITPOINT WARNING * * *
The orc warrior misses you. The orc hits you with a +0 dagger.
* * * LOW HITPOINT WARNING * * *
Okay, then.
Okay, then.
Unknown command.
It was a potion of mutation.
You feel extremely strange.
Your regeneration stops near monsters.
You howl as the wereblood boils in your veins!
It was a potion of degeneration.
There was something very wrong with that liquid.
You feel weakened.
You feel dopey.
You feel clumsy. The orc barely misses you. x2
The orc warrior hits you with a +0 battleaxe!
You die...

###...##..##...$......
#.#..#...#..........
#....#.#............
###.)).)....>.......
##....#..$........
#.##.........#.##
#.#####.$?.......
....)....oo..#..
...#####..@#......
....# #..oo......
#.... #...o....(..
#............
...#o........<
#..............
..............#
##.............


You could see an orc warrior and 5 orcs.

Vanquished Creatures
  Eustachio (D:4)
  2 ice beasts
  An ogre (D:5)
  5 phantoms
  A kobold brigand (D:6)
  4 scorpions
  A jelly (D:6)
  2 hounds
  An iguana (D:4)
  3 orc wizards (D:4)
  Robin (D:4)
  11 gnolls
  4 adders
  2 white imps
  2 ufetubi (D:6)
  3 worms (D:3)
  3 dart slugs
  10 orcs
  8 ball pythons
  5 endoplasms
  6 giant cockroaches
  22 goblins
  8 hobgoblins
  6 jackals
  A quokka (D:1)
  6 bats
  3 frilled lizards
  10 kobolds
  6 rats
138 creatures vanquished.

Notes
Turn   | Place    | Note
-------+----------+-------------------------------------------
     0 | D:1      | bwicke the Ogre Transmuter began the quest for the Orb.
     0 | D:1      | Reached XP level 1. HP: 19/19 MP: 3/3
    95 | D:1      | Found Assaz's Assorted Antiques.
   205 | D:1      | Reached XP level 2. HP: 21/29 MP: 3/5
   716 | D:1      | You fall into a shaft and drop 1 floor!
   752 | D:2      | Reached XP level 3. HP: 39/39 MP: 4/6
  1941 | D:1      | Reached skill level 5 in Fighting
  1941 | D:1      | Reached XP level 4. HP: 21/50 MP: 5/7
  2328 | D:3      | Noticed a scorpion
  2341 | D:3      | Killed a scorpion
  2342 | D:3      | Reached XP level 5. HP: 46/61 MP: 8/8
  2674 | D:3      | Learned a level 2 spell: Wereblood
  2795 | D:3      | Identified the ring of the Skies Above {Fire Dex+3}
  3641 | D:4      | Reached XP level 6. HP: 40/68 MP: 9/9
  4440 | D:4      | Reached skill level 5 in Unarmed Combat
  4558 | D:4      | Reached XP level 7. HP: 56/76 MP: 8/10
  4740 | D:4      | Noticed Robin
  4762 | D:4      | Killed Robin
  4871 | D:4      | Noticed Eustachio
  4939 | D:4      | Killed Eustachio
  5534 | D:5      | Entered Level 5 of the Dungeon
  5707 | D:5      | Reached XP level 8. HP: 84/84 MP: 9/11
  6348 | D:5      | Reached skill level 5 in Transmutations
  6737 | D:6      | Found a staircase to the Ecumenical Temple.
  7787 | Temple   | Entered the Ecumenical Temple
  8116 | Temple   | Became a worshipper of Warmaster Okawaru
  8231 | D:7      | HP: 3/84 [orc/+2 war axe of venom (7)]
  8231 | D:7      | HP: 1/84 [orc/+0 dagger (2)]
  8232 | D:7      | Gained mutation: You do not regenerate when monsters are
                  | visible. [potion of mutation]
  8233 | D:7      | Demolished by an orc warrior

Illustrated notes

Levels and vault maps discovered:
D:1:      mrwooster_arrival_arrow, layout_rooms, serial_shops, shop, nrook_uturn
D:2:      layout_basic
D:3:      layout_basic, serial_corexii_hall, corexii_hall_statues_i,
          corexii_hall_statues_i, minmay_vboxes
D:4:      layout_cave_pods, minmay_a_box_with_orc_wizards_in_it, uniq_robin,
          uniq_eustachio
D:5:      layout_gridville
D:6:      layout_loops_ring, minmay_temple_entry_antechambers,
          serial_co_window_serial, co_window_cross_1, co_window_cross_1,
          co_window_paths_b, co_window_corner_a, co_window_paths_a,
          co_window_paths_a, co_window_paths_b, co_window_paths_a,
          co_window_paths_b, co_window_corner_b, co_window_paths_c,
          co_window_2corner, co_window_of_opportunity_c, co_window_4corner_b,
          glass_columns_a, glass_columns_a, glass_columns_c
D:7:      layout_rooms
Temple:   mainiacjoe_temple_circle_huts

Skill      XL: |  1  2  3  4  5  6  7  8 |
---------------+-------------------------+-----
Fighting       | 2 3 5 6 |  6.5
Unarmed Combat | 3 5 6 |  6.7
Transmutations | 2 6 |  6.4
Dodging        | |  1.7
Spellcasting   | |  2.4
Poison Magic   | |  0.9

Action                   |  1- 3 |  4- 6 |  7- 9 || total
-------------------------+-------+-------+-------++-------
Melee: Unarmed           |    99 |   213 |   199 ||   511
       Kick              |    12 |    48 |    44 ||   104
       Headbutt          |    10 |    26 |    32 ||    68
       Punch             |     2 |     4 |     5 ||    11
 Fire: Hunting sling     |       |       |     9 ||     9
Throw: Dart              |       |       |     3 ||     3
 Cast: Beastly Appendage |    23 |    31 |    27 ||    81
       Wereblood         |       |       |     3 ||     3
  Use: Scroll            |     7 |     6 |     2 ||    15
       Potion            |       |       |     4 ||     4
Armor: Robe              |    29 |    80 |    86 ||   195
Dodge: Dodged            |    34 |   122 |   131 ||   287

Table legend: (Time is in decaauts)
 A = Elapsed time spent in this place.
 B = Non-inter-level travel time spent in this place.
 C = Inter-level travel time spent in this place.
 D = Time resting spent in this place.
 E = Time spent auto-exploring this place.
 F = Levels seen in this place.
 G = Mean time per level.
                   A        B        C        D        E       F      G
               +--------+--------+--------+--------+--------+-----+--------+
         Total |   8190 |   7909 |    281 |    154 |   5947 |   8 | 1023.8 |
       Dungeon |   7840 |   7580 |    260 |    154 |   5902 |   7 | 1120.0 |
        Temple |    350 |    329 |     21 |      0 |     45 |   1 |  350.0 |
               +--------+--------+--------+--------+--------+-----+--------+

Top non-repeatable levels by time:
     D:4: 2040 daAuts
     D:6: 1413 daAuts
     D:2: 1198 daAuts
     D:3: 1176 daAuts
     D:1: 1091 daAuts
     D:5: 864 daAuts
  Temple: 350 daAuts
     D:7: 56 daAuts
